 Dungeon Crawl Stone Soup version 0.20-a0-923-g548304e (webtiles) character file.

2104 FastMan the Cleaver (level 9, -8/124 HPs)
             Began as a Minotaur Berserker on Mar 26, 2017.
             Was a Believer of Trog.
             Mangled by a two-headed ogre
             ... wielding a +0 giant club
              (19 damage)
             ... on level 8 of the Dungeon.
             The game lasted 00:02:19 (2351 turns).

FastMan the Cleaver (Minotaur Berserker)            Turns: 2351, Time: 00:02:20

Health: -8/124     AC:  9    Str: 26      XL:     9   Next: 7%
Magic:  8/8        EV:  9    Int:  4      God:    Trog [**....]
Gold:   122        SH:  0    Dex: 13 (14) Spells: 8/8 levels left

rFire    . . .     SeeInvis .   a - +0 hand axe
rCold    . . .     Gourm    .   (no shield)
rNeg     . . .     Faith    .   l - +0 chain mail
rPois    .         Spirit   .   (helmet restricted)
rElec    .         Reflect  .   (no cloak)
rCorr    .         Harm     .   (no gloves)
MR       .....                  q - +0 pair of boots
Stlth    ..........             (no amulet)
Regen    0.3/turn               j - +2 ring of slaying
MPRegen  0.2/turn               (no ring)

@: berserking, very quick
A: retaliatory headbutt, horns 2
a: Berserk, Trog's Hand, Burn Spellbooks, Renounce Religion


You were on level 8 of the Dungeon.
You worshipped Trog.
Trog was pleased with you.
You were very hungry.

You visited 1 branch of the dungeon, and saw 8 of its levels.

You collected 122 gold pieces.

Inventory:

Hand Weapons
 a - a +0 hand axe (weapon)
Armour
 l - a +0 chain mail (worn)
 q - a +0 pair of boots (worn)
Jewellery
 j - a +2 ring of slaying (left hand)
 p - a +3 ring of intelligence {unknown}
Scrolls
 f - 2 scrolls of teleportation {unknown}
 i - 3 scrolls of remove curse {@r2}
 m - 2 scrolls of fear
 o - a scroll of enchant armour {unknown}
Potions
 d - 2 potions of agility {@q5}
 e - a potion of ambrosia
 g - a potion of curing {@q1}
 k - a potion of haste {@q3}
 n - a potion of might {unknown}
 r - a potion of lignification {unknown}
Comestibles
 b - 5 chunks of flesh
 c - 3 bread rations {@e1}
 h - 3 fruits {@e4}


   Skills:
 + Level 9.0 Fighting
 * Level 12.0 Axes
 - Level 2.4 Armour
 - Level 2.1 Dodging


You had 8 spell levels left.
You didn't know any spells.

Dungeon Overview and Level Annotations

Branches:
Dungeon (8/15)
 Temple: D:4-7         Lair: D:8-11

Altars:
Elyvilon
Kikubaaqudgha
Okawaru

Shops:
D:6 :


Innate Abilities, Weirdness & Mutations

You reflexively headbutt those who attack you in melee.
You have a pair of horns on your head.


Message History

You hit the hippogriff.
The two-headed ogre hits you with a giant club.
The two-headed ogre hits you with a giant club!
* * * LOW HITPOINT WARNING * * *
The hippogriff bites you but does no damage.
The hippogriff pecks you but does no damage.
The hippogriff claws you but does no damage.
You barely miss the two-headed ogre.
The two-headed ogre is heavily wounded.
You closely miss the hippogriff. You slash the two-headed ogre!
The two-headed ogre is severely wounded.
You slash the hippogriff! The hippogriff bites you.
* * * LOW HITPOINT WARNING * * *
The hippogriff pecks you but does no damage.
The hippogriff closely misses you.
The two-headed ogre hits you with a giant club!
* * * LOW HITPOINT WARNING * * *
The two-headed ogre hits you with a giant club!!
You die...

###.###.#.###### ########..
#.#.#################..
#.#.......(............
#.#....................
#.#..)................. #
#.#....................
##<#.#.#....................
.......#......(.............
#.......@H...............
#####....O...............
#>.........................
#######........... ........
#........... .......
#........... ......
#........... ....(
#........... .... #..[.####
...


You could see a two-headed ogre and a hippogriff.

Vanquished Creatures
  Grinder (D:6)
  A hippogriff (D:7)
  Sigmund (D:3)
  An ice beast (D:5)
  A phantom (D:6)
  A black bear (D:7)
  3 ogres
  A centaur (D:6)
  6 killer bees (D:7)
  8 howler monkeys
  A quasit (D:8)
  A gnoll shaman (D:7)
  3 jellies
  2 centaur skeletons
  Terence (D:3)
  2 iguanas (D:6)
  2 worker ants
  4 gnolls (D:7)
  3 adders
  A shadow imp (D:7)
  An ooze (D:3)
  A dart slug (D:2)
  2 leopard geckos
  2 giant cockroaches
  A goblin (D:3)
  A hobgoblin (D:3)
  3 jackals (D:4)
  2 kobolds (D:3)
  2 quokkas
  A frilled lizard (D:3)
  A leopard gecko skeleton (D:4)
  6 rats
67 creatures vanquished.

Notes
Turn   | Place    | Note
-------+----------+-------------------------------------------
     0 | D:1      | FastMan the Minotaur Berserker began the quest for the Orb.
     0 | D:1      | Reached XP level 1. HP: 19/19 MP: 0/0
   294 | D:3      | Reached XP level 2. HP: 17/27 MP: 1/1
   297 | D:3      | Noticed Sigmund
   307 | D:3      | Killed Sigmund
   307 | D:3      | Reached skill level 5 in Fighting
   307 | D:3      | Reached skill level 6 in Axes
   307 | D:3      | Reached XP level 3. HP: 20/36 MP: 2/2
   307 | D:3      | Reached XP level 4. HP: 24/42 MP: 3/3
   307 | D:3      | Reached XP level 5. HP: 27/48 MP: 4/4
   579 | D:3      | Noticed Terence
   583 | D:3      | Killed Terence
   724 | D:4      | Noticed an ogre
   732 | D:4      | Killed an ogre
   732 | D:4      | Reached XP level 6. HP: 43/56 MP: 5/5
   855 | D:4      | Reached skill level 7 in Axes
   868 | D:4      | Reached ** piety under Trog
   902 | D:5      | Entered Level 5 of the Dungeon
   939 | D:5      | Noticed an ice beast
   949 | D:5      | Killed an ice beast
   954 | D:5      | Found an iron altar of Okawaru.
   976 | D:6      | Reached skill level 8 in Axes
   976 | D:6      | Reached XP level 7. HP: 35/64 MP: 6/6
  1235 | D:6      | Found Xaceam's Book Shoppe.
  1330 | D:6      | Found an ancient bone altar of Kikubaaqudgha.
  1415 | D:6      | Reached skill level 9 in Axes
  1439 | D:6      | Noticed Grinder
  1449 | D:6      | Killed Grinder
  1611 | D:6      | Reached XP level 8. HP: 54/73 MP: 7/7
  1638 | D:7      | Reached skill level 10 in Axes
  1661 | D:7      | Found a white marble altar of Elyvilon.
  1799 | D:7      | Reached skill level 11 in Axes
  1833 | D:7      | Noticed a hippogriff
  1853 | D:7      | Killed a hippogriff
  1973 | D:7      | Reached XP level 9. HP: 60/82 MP: 8/8
  2339 | D:8      | Reached skill level 12 in Axes
  2341 | D:8      | Noticed a two-headed ogre
  2351 | D:8      | Mangled by a two-headed ogre

Vault maps used:
D:1:      dpeg_arrival_another_circle
D:2:      first_bread
D:3:      uniq_terence, uniq_sigmund
D:4:      lemuel_coloured_pillars_altar, enter_ossuary_4
D:5:      kennysheep_mini, minmay_overflow_temple_star_quad,
          minmay_temple_entry_statues, mrwooster_statue_mirror,
          kennysheep_okawaru_gauntlet, uniq_prince_ribbit1, uniq_eustachio
D:6:      kiku_gazebo_garden_becter, basic_altar, serial_shops, shop,
          minmay_misc_feat_tower, uniq_grinder
D:7:      elyvilon_altar_3, grunt_ogre_cave
D:8:      nicolae_qazlal_eye_of_the_storm, minmay_checkerbox

Skill      XL: |  1  2  3  4  5  6  7  8  9 |
---------------+----------------------------+-----
Fighting       | 4 5 6 7 8 9 |  9.0
Axes           | 6 8 9 11 12 | 12.0
Armour         | |  2.4
Dodging        | |  2.1

Action                   |  1- 3 |  4- 6 |  7- 9 || total
-------------------------+-------+-------+-------++-------
Melee: Hand axe          |    22 |    50 |   112 ||   184
       Headbutt          |     4 |    13 |    35 ||    52
Invok: Berserk           |     1 |     2 |     3 ||     6
       Trog's Hand       |       |       |     1 ||     1
  Use: Scroll            |       |       |     6 ||     6
  Eat: Chunk             |       |     2 |     7 ||     9
Armor: Animal skin       |     2 |     1 |       ||     3
       Scale mail        |       |    21 |       ||    21
       Chain mail        |       |       |    39 ||    39
Dodge: Dodged            |     8 |    25 |    51 ||    84
